 Dungeon Crawl Stone Soup version 0.20.0-8-g6b59dc7 (webtiles) character file.

217 skandix the Skirmisher (level 5, -7/57 HPs)
             Began as an Ogre Berserker on May 30, 2017.
             Was a Believer of Trog.
             Mangled by an ogre
             ... wielding a +0 giant club
              (13 damage)
             ... on level 4 of the Dungeon.
             The game lasted 00:13:06 (4313 turns).

skandix the Skirmisher (Ogre Berserker)             Turns: 4313, Time: 00:13:07

Health: -7/57      AC:  6    Str: 22    XL:     5   Next: 94%
Magic:  5/5        EV: 11    Int:  8    God:    Trog [**....]
Gold:   131        SH:  0    Dex:  8    Spells: 4/4 levels left

rFire    + . .     SeeInvis .   r - +2 dagger (venom)
rCold    + . .     Gourm    .   (no shield)
rNeg     . . .     Faith    .   t - +2 robe {rC+ rF+}
rPois    .         Spirit   .   (helmet restricted)
rElec    .         Reflect  .   h - +0 cloak
rCorr    .         Harm     .   (gloves unavailable)
MR       .....                  (boots unavailable)
Stlth    +.........             (no amulet)
Regen    0.2/turn               (no ring)
MPRegen  0.1/turn               (no ring)

@: berserk cooldown, slowed, very slow
A: unfitting armour, tough skin 1
a: Berserk, Trog's Hand, Burn Spellbooks, Renounce Religion


You were on level 4 of the Dungeon.
You worshipped Trog.
Trog was pleased with you.
You were not hungry.

You visited 1 branch of the dungeon, and saw 3 of its levels.

You collected 131 gold pieces.

Inventory:

Hand Weapons
 a - a +0 spear
 c - a +0 hunting sling
 k - a +0 mace
 o - a +0 whip
 p - a +0 hunting sling
 r - a +2 dagger of venom (weapon)
 x - a +0 hand axe
 E - a +0 hand axe
Missiles
 d - 16 sling bullets
 e - 8 poisoned needles (quivered)
Armour
 b - a +0 animal skin
 g - a +0 chain mail
 h - a +0 cloak (worn)
 i - a +0 robe
 l - a +0 pair of boots
 q - a +0 robe
 s - a +0 robe
 t - a +2 robe of resistance (worn)
 y - a +0 robe
 B - a +0 robe
 C - a +0 robe
Wands
 u - a wand of lightning (10/15)
Scrolls
 m - 2 scrolls of amnesia {unknown}
 n - 2 scrolls of identify {unknown}
 D - a scroll of teleportation {unknown}
Potions
 f - a potion of invisibility {unknown}
 j - 3 potions of might {unknown}
 v - 2 potions of lignification {unknown}
 w - a potion of curing
 z - a potion of haste {unknown}
 A - a potion of resistance {unknown}
Comestibles
 F - 11 chunks of flesh


   Skills:
 + Level 5.0 Fighting
 + Level 4.5 Polearms
 + Level 4.1 Dodging
 + Level 0.8 Stealth


You had 4 spell levels left.
You didn't know any spells.

Dungeon Overview and Level Annotations

Branches:
Dungeon (2/15)

Altars:
Makhleb


Innate Abilities, Weirdness & Mutations

You are too large for most types of armour.
You have tough skin. (AC +1)


Message History

You feel yourself slow down. The ogre closely misses you.
The orc wizard casts a spell.
The orc wizard blinks!
The quokka closely misses you. The ogre barely misses you.
You hear some strange, mumbled words.
A puff of flame appears from out of thin air!
The puff of flame misses you.
You hit something. The quokka bites you. The ogre barely misses you.
The quokka closely misses you. Something hits you but does no damage.
You hit something.
The orc wizard gestures wildly while chanting.
The orc wizard blinks!
The quokka bites you but does no damage.
The ogre hits you with a giant club! Something hits you but does no damage.
The quokka misses you. Something hits you but does no damage.
You hit something but do no damage. The ogre hits you with a giant club!!
* * * LOW HITPOINT WARNING * * *
The quokka misses you. Something hits you but does no damage.
The quokka barely misses you. The ogre hits you with a giant club!
You die...

.###....>
...#.#.#
..#.#.# ###
#.#.#.# ...#
#...#.##....#.
#........_....
#...#.##....#.
#....rO.......
#...o{@.##..
##.##.#.# ..
#.##.#.# ..##
#.##.#.# ..#
#.#....# #.#
#.#..###
####.###.#..#
#.....##.#..#
###...#.##.#


You could see an ogre, an orc wizard and a quokka.

Vanquished Creatures
  A scorpion (D:4)
  A hound (D:4)
  An orc priest (D:4)
  Jessica (D:2)
  An orc wizard (D:4)
  An ooze (D:2)
  An adder skeleton (D:4)
  2 worms (D:2)
  2 dart slugs (D:2)
  A leopard gecko (D:2)
  3 orcs (D:4)
  A ball python (D:2)
  A giant cockroach (D:2)
  4 hobgoblins
  4 jackals (D:2)
  8 bats
  4 frilled lizards
  2 goblins
  4 kobolds
  3 rats (D:2)
46 creatures vanquished.

Notes
Turn   | Place    | Note
-------+----------+-------------------------------------------
     0 | D:1      | skandix the Ogre Berserker began the quest for the Orb.
     0 | D:1      | Reached XP level 1. HP: 24/24 MP: 1/1
   933 | D:1      | Reached XP level 2. HP: 32/32 MP: 2/2
  1415 | D:2      | Noticed Jessica
  1427 | D:2      | Killed Jessica
  1427 | D:2      | Reached XP level 3. HP: 31/40 MP: 3/3
  1872 | D:2      | Reached ** piety under Trog
  2061 | D:2      | Reached XP level 4. HP: 37/49 MP: 4/4
  3043 | D:2      | You fall through a shaft for 2 floors!
  3148 | D:4      | Reached XP level 5. HP: 24/55 MP: 5/5
  3720 | D:4      | Reached skill level 5 in Fighting
  4303 | D:4      | Noticed an ogre
  4308 | D:4      | Found a burning altar of Makhleb.
  4313 | D:4      | Mangled by an ogre

Skill      XL: |  1  2  3  4  5 |
---------------+----------------+-----
Dodging        | 3 4 |  4.1
Polearms       | 4 |  4.5
Fighting       | 5 |  5.0
Stealth        | |  0.8

Action                   |  1- 3 |  4- 6 || total
-------------------------+-------+-------++-------
Melee: Spear             |   114 |    96 ||   210
       Dagger            |       |    10 ||    10
Invok: Berserk           |     2 |     2 ||     4
       Trog's Hand       |     1 |     3 ||     4
  Use: Scroll            |       |     2 ||     2
       Potion            |       |     1 ||     1
  Eat: Chunk             |     2 |       ||     2
       Bread ration      |     2 |     1 ||     3
       Fruit             |       |     2 ||     2
Armor: Animal skin       |    19 |       ||    19
       Robe              |   115 |    43 ||   158
Dodge: Dodged            |   224 |    63 ||   287
